 Dungeon Crawl Stone Soup version 0.29-a0-813-g4a14ea37d6 (webtiles) character file.

Game seed: 5621747290819372342

31336 Shayle the Tainter (level 13, -1/122 HPs)
             Began as a Naga Brigand on July 4, 2022.
             Was a Priest of Cheibriados.
             Slain by a five-headed hydra (10 damage)
             ... on level 5 of the Lair of Beasts.
             The game lasted 01:29:05 (26676 turns).

Shayle the Tainter (Naga Brigand)                  Turns: 26676, Time: 01:29:06

Health: -1/122     AC: 15    Str: 21    XL:     13   Next: 57%
Magic:  15/24      EV: 11    Int: 23    God:    Cheibriados [***...]
Gold:   1266       SH:  5    Dex: 23    Spells: 19/26 levels left

rFire   . . .      SeeInvis +   D - +2 war axe (flame)
rCold   . . .      Faith    .   (no shield)
rNeg    . . .      Spirit   .   i - +0 acid dragon scales
rPois   +          Reflect  +   (no helmet)
rElec   .          Harm     .   c - +2 cloak
rCorr   +          Rampage  .   l - +1 pair of gloves
Will    +....                   (no barding)
Stlth   ++++......              x - amulet of reflection
HPRegen 0.30/turn               R - ring of wizardry
MPRegen 0.19/turn               (no ring)

@: very slow
A: AC +4, large, see invisible, deformed body, poison resistance, slowness 2,
spit poison 1, naga tail 2
a: Spit Poison, Renounce Religion, Bend Time, Temporal Distortion


You were on level 5 of the Lair of Beasts.
You worshipped Cheibriados.
Cheibriados was most pleased with you.
You visited 4 branches of the dungeon, and saw 19 of its levels.
You also visited: Sewer, Ossuary and Bailey.

You collected 1266 gold pieces.

Inventory:

Hand Weapons
 n - a +5 dagger of electrocution
 A - the +8 dagger of Shayle's Evisceration {freeze, *Slow rN+ Str+9 Dex+4}
   (You found it on level 5 of the Dungeon)

   It freezes those it strikes, dealing additional cold damage.
   It can also slow down cold-blooded creatures.
   Str:       It affects your strength (+9).
   Dex:       It affects your dexterity (+4).
   rN:        It protects you from negative energy.
   *Slow:     It may slow you when you take damage.
 B - the +8 whip "Snakebite" {venom, curare, rPois}
   (You found it on level 1 of the Lair of Beasts)

   It poisons the flesh of those it strikes.
   It occasionally inflicts asphyxiating poison on those it strikes, dealing
   poison damage and causing slowness.
   rPois:     It protects you from poison.
 D - a +2 war axe of flaming (weapon)
 H - a +2 whip of electrocution
Missiles
 d - 57 poisoned darts
 o - 6 atropa-tipped darts
 s - 3 silver javelins
 w - 12 curare-tipped darts (quivered)
Armour
 c - a +2 cloak (worn)
 i - +0 acid dragon scales (worn)
 l - a +1 pair of gloves (worn)
 v - a +0 ring mail of willpower
Jewellery
 a - a ring of flight
 x - an amulet of reflection (around neck)
 R - a ring of wizardry (left hand)
Wands
 b - a wand of iceblast (5)
 q - a wand of digging (8)
 P - a wand of quicksilver (9)
 Q - a wand of polymorph (3)
Scrolls
 e - 8 scrolls of blinking
 f - 4 scrolls of amnesia
 g - 2 scrolls of summoning
 m - a scroll of fear
 y - 2 scrolls of teleportation
 z - 2 scrolls of poison
 C - 3 scrolls of enchant weapon
 K - a scroll of vulnerability
 L - 3 scrolls of fog
Potions
 h - 2 potions of lignification
 j - 7 potions of curing
 p - 3 potions of brilliance
 r - a potion of berserk rage
 t - a potion of attraction {unknown}
 E - a potion of magic
 F - a potion of cancellation {unknown}
 G - a potion of haste
 I - a potion of resistance {unknown}
 J - a potion of invisibility {unknown}
 N - 2 potions of might {unknown}
 T - a potion of mutation {unknown}
Miscellaneous
 k - a tin of tremorstones (2/2)


   Skills:
 + Level 9.7 Fighting
 - Level 2.0 Short Blades
 - Level 4.1 Throwing
 - Level 8.5 Armour
 - Level 3.1 Dodging
 - Level 8.4 Stealth
 + Level 7.3 Spellcasting
 - Level 4.6 Conjurations
 + Level 8.5 Air Magic
 - Level 10.9 Poison Magic
 + Level 10.1 Invocations


You had 19 spell levels left.
You knew the following spells:

 Your Spells              Type           Power      Damage    Failure   Level
a - Mephitic Cloud        Conj/Pois/Air  45%        N/A       1%          3
b - Airstrike             Air            23%        0-8+      1%          4

Your spell library contained the following spells:

 Spells                   Type           Power      Damage    Failure   Level
 Magic Dart               Conj           100%       1d8       1%          1
 Searing Ray              Conj           58%        2d6       1%          2
 Static Discharge         Conj/Air       38%        3-8/arc   1%          2
 Apportation              Tloc           16%        N/A       3%          1
 Necrotise                Necr           32%        1d5       3%          1
 Dazzling Flash           Conj/Hex       38%        N/A       4%          3
 Call Imp                 Summ           8%         N/A       6%          2
 Summon Lightning Spire   Summ/Air       28%        N/A       6%          4
 Lightning Bolt           Conj/Air       19%        1d33      7%          5
 Call Canine Familiar     Summ           8%         N/A       11%         3
 Gell's Gravitas          Tloc           8%         N/A       11%         3
 Ozocubu's Armour         Ice            8%         N/A       11%         3
 Portal Projectile        Hex/Tloc       16%        N/A       11%         3
 Teleport Other           Tloc           8%         N/A       11%         3
 Vampiric Draining        Necr           8%         2d6       11%         3
 Alistair's Intoxication  Tmut/Pois      22%        N/A       11%         5
 Fulminant Prism          Conj/Hex       9%         3d7       14%         4
 Sticky Flame             Conj/Fire      19%        2d4       14%         4
 Iskenderun's Battlesphe  Conj           29%        2d8       16%         5
 Silence                  Hex/Air        14%        N/A       17%         5
 Dispel Undead            Necr           8%         3d8       32%         4
 Leda's Liquefaction      Hex/Erth       4%         N/A       32%         4
 Fireball                 Conj/Fire      9%         3d6       34%         5
 Conjure Ball Lightning   Conj/Air       19%        3x3d6     34%         6
 Agony                    Necr           8%         N/A       65%         5
 Iron Shot                Conj/Erth      9%         9d3       88%         6
 Orb of Destruction       Conj           14%        9d7       98%         7
 Dispersal                Tloc           4%         N/A       99%         6
 Ozocubu's Refrigeration  Ice            4%         4d5       100%        7
 Spellforged Servitor     Conj/Summ      9%         N/A       100%        7


Dungeon Overview and Level Annotations

Branches:
Dungeon (11/15)            Temple (1/1) D:5            Lair (6/6) D:9
 Shoals (0/4) Lair:3        Snake (0/4) Lair:4        Slime (0/5) Lair:5
    Orc (1/2) D:10          Sewer (visited)         Ossuary (visited)
 Bailey (visited)

Altars:
Ashenzari
Cheibriados
Dithmenos
Elyvilon
Fedhas
Gozag
Hepliaklqana
Kikubaaqudgha
Makhleb
Nemelex Xobeh
Okawaru
Qazlal
Ru
Sif Muna
Trog
Uskayaw
Vehumet
Wu Jian
Xom
Yredelemnul
Zin
The Shining One

Shops:
D:1 ?   D:4 *   D:6 [

Annotations:
D:4 2 transporters, gobodom's ghost, weakling DsGl


Innate Abilities, Weirdness & Mutations

Your serpentine skin is tough. (AC +4)
You have supernaturally acute eyesight. (SInv)
Armour fits poorly on your strangely shaped body.
Your system is resistant to poisons. (rPois)
You cover ground very slowly.
You can spit poison.
You can use your snake-like lower body to constrict enemies.


Message History

The six-headed hydra bites you but does no damage. x2
The six-headed hydra barely misses you. The six-headed hydra misses you.
The +8 whip "Snakebite" {venom, curare, rPois} stops dripping with poison.
Your +2 war axe of flaming bursts into flame!
D - a +2 war axe of flaming (weapon)
You hack one of the six-headed hydra's heads off!
The flame cauterises the wound!
You slash the five-headed hydra! You burn the five-headed hydra!
The five-headed hydra is almost dead.
The five-headed hydra bites you but does no damage.
The five-headed hydra bites you!
The five-headed hydra closely misses you.
The five-headed hydra bites you. x2
The five-headed hydra bites you but does no damage.
The five-headed hydra barely misses you.
The five-headed hydra bites you.
You block the five-headed hydra's attack.
The five-headed hydra bites you.
You barely miss the five-headed hydra.
The five-headed hydra is almost dead.
The five-headed hydra bites you.
The five-headed hydra bites you but does no damage.
The five-headed hydra barely misses you.
The five-headed hydra bites you but does no damage. x2
Unknown command.
You barely miss the five-headed hydra.
The five-headed hydra is almost dead.
The five-headed hydra bites you!
* * * LOW HITPOINT WARNING * * *
The five-headed hydra bites you.
* * * LOW HITPOINT WARNING * * *
The five-headed hydra bites you but does no damage. x2
The five-headed hydra bites you!
* * * LOW HITPOINT WARNING * * *
The five-headed hydra bites you.
* * * LOW HITPOINT WARNING * * *
You block the five-headed hydra's attack.
The five-headed hydra bites you but does no damage.
The five-headed hydra bites you!
You die...

.................................
.................................
.................................
.....<.......................####
..#.#.#........##....#.......####
...#..###......##.#..##....##†#P#
...##.####......#....#.#...###..#
...##..#.......D##...###...##....
..#.#...#P.....+@÷....#.....#...#
...#...##.......#....###...#.....
..#.#....P.....##....###...##....
.......#.......##.#.#.##.........
...P.#.#.......#########......#.#
..#..###.#......###.##.....######
<..P.#.#.#..................####.
.................................
.................................


You could see a five-headed hydra.

Vanquished Creatures
  Snorg (Lair:5)
  2 vault guards (Bailey)
  2 hydras
  2 two-headed ogres
  Sonja (Lair:2)
  A merfolk siren (Lair:3)
  8 elephants (Lair:5)
  5 black mambas
  5 cane toads
  A rime drake (Lair:5)
  7 komodo dragons
  A troll (D:10)
  A polar bear (Lair:5)
  2 hornets
  3 merfolk (Lair:3)
  Prince Ribbit (Bailey)
  A vampire (D:10)
  A shadow (D:9)
  3 wyverns
  31 yaks
  4 humans (Bailey)
  A steam dragon (D:8)
  A vampire mosquito (Lair:5)
  3 basilisks
  Edmund (D:6)
  A warg (Orc:1)
  28 water moccasins
  An acid dragon (D:6)
  Duvessa (D:6)
  An ice beast (D:7)
  2 orc warriors
  6 black bears
  A sky beast (D:8)
  11 wolves
  An ogre (D:6)
  6 centaurs
  A phantom (D:5)
  Blork the orc (D:6)
  An elf zombie (Ossuary)
  4 kobold brigands
  4 necrophages
  24 bullfrogs
  3 scorpions
  Dowan (D:6)
  A killer bee (D:9)
  2 electric eels
  2 centaur zombies (Ossuary)
  2 human zombies (Ossuary)
  3 hounds
  4 orc priests
  2 jellies
  A gnoll bouda (D:7)
  3 iguanas
  Terence (D:3)
  6 orc wizards
  A hound zombie (Ossuary)
  3 mummies (Ossuary)
  10 gnolls
  15 adders
  A shadow imp (D:5)
  A white imp (D:7)
  5 adder zombies (Ossuary)
  2 worms
  A dart slug (D:1)
  27 orcs
  14 ball pythons
  12 endoplasms
  7 giant cockroaches
  A gnoll zombie (Ossuary)
  11 hobgoblins
  4 jackals (D:3)
  26 kobolds
  18 quokkas
  5 bats
  12 frilled lizards
  10 goblins
  5 goblin zombies (Ossuary)
  7 hobgoblin zombies (Ossuary)
  A jackal zombie (Ossuary)
  4 kobold zombies (Ossuary)
  2 orc zombies (Ossuary)
  2 quokka zombies (Ossuary)
  4 rats (D:2)
  4 rat zombies (Ossuary)
  A spectral hobgoblin (D:8)
430 creatures vanquished.

Vanquished Creatures (others)
  2 bushes (Lair:5)
  67 fungi
  72 plants
141 creatures vanquished.

Grand Total: 571 creatures vanquished

Notes
Turn   | Place    | Note
-------+----------+-------------------------------------------
     0 | D:1      | Shayle the Naga Brigand began the quest for the Orb.
     0 | D:1      | Reached XP level 1. HP: 19/19 MP: 1/1
    21 | D:1      | Found Sonliana's Magic Scroll Shoppe.
   112 | D:1      | Reached skill level 1 in Dodging
   154 | D:1      | Reached XP level 2. HP: 26/26 MP: 2/2
  1265 | D:2      | Reached XP level 3. HP: 33/33 MP: 3/3
  1658 | D:2      | HP: 1/33 [worm (5)]
  2232 | D:3      | Found a faded altar of an unknown god.
  2268 | D:3      | Reached XP level 4. HP: 35/40 MP: 4/4
  2580 | D:4      | Noticed a scorpion
  2592 | D:4      | Killed a scorpion
  2593 | D:4      | Reached XP level 5. HP: 31/49 MP: 5/5
  2594 | D:4      | Found a glowing drain.
  2626 | Sewer    | Entered a sewer
  3184 | Sewer    | Reached XP level 6. HP: 24/56 MP: 6/6
  3595 | D:5      | Entered Level 5 of the Dungeon
  3596 | D:5      | Found a burning altar of Makhleb.
  3627 | D:5      | Found an ornate altar of the Wu Jian Council.
  4001 | D:5      | Reached XP level 7. HP: 63/63 MP: 7/7
  4109 | D:4      | Noticed gobodom's ghost (weakling DsGl)
  4109 | D:4      | Found a transporter.
  4112 | D:4      | Found Aceramata's Elemental Accessories.
  4526 | D:3      | Found an ancient bone altar of Kikubaaqudgha.
  4636 | D:3      | Noticed Terence
  4650 | D:3      | Killed Terence
  4954 | D:3      | Learned a level 3 spell: Mephitic Cloud
  5487 | D:4      | Found a hide-covered altar of Uskayaw.
  5490 | D:4      | Found a radiant altar of Vehumet.
  5490 | D:4      | Found an ornate altar of the Wu Jian Council.
  5492 | D:4      | Found a shimmering altar of Xom.
  5492 | D:4      | Found a shimmering altar of Xom.
  5492 | D:4      | Found an ancient bone altar of Kikubaaqudgha.
  5626 | D:4      | Found a snail-covered altar of Cheibriados.
  5799 | D:4      | Found a sacrificial altar of Ru.
  5816 | D:4      | Found a transporter.
  6044 | D:4      | Reached skill level 1 in Poison Magic
  6627 | D:5      | Reached skill level 1 in Air Magic
  6718 | D:5      | Reached skill level 1 in Spellcasting
  6718 | D:5      | Reached skill level 1 in Conjurations
  6718 | D:5      | Reached XP level 8. HP: 73/73 MP: 9/9
  6719 | D:5      | Identified the +8 dagger of Shayle's Evisceration {freeze,
                  | *Slow rN+ Str+9 Dex+4}
  6832 | D:5      | Reached skill level 1 in Armour
  6964 | D:5      | Reached skill level 1 in Invocations
  7178 | D:5      | Found a staircase to the Ecumenical Temple.
  7184 | Temple   | Entered the Ecumenical Temple
  7569 | D:4      | Reached XP level 9. HP: 79/79 MP: 9/16
  7839 | D:6      | Noticed Edmund
  7850 | D:6      | Killed Edmund
  7922 | D:6      | Noticed Blork the orc
  7985 | D:6      | Killed Blork the orc
  8163 | D:6      | Found Susanowo's Dragon-Slaying Spoils.
  8319 | D:6      | Noticed Duvessa
  8319 | D:6      | Noticed Dowan
  8329 | D:6      | Killed Duvessa
  8334 | D:6      | Killed Dowan
  8847 | D:6      | Reached skill level 5 in Fighting
  9386 | D:7      | Found a bloodstained altar of Trog.
  9698 | D:7      | Found an opulent altar of Gozag.
  9772 | D:7      | Found a flagged portal.
  9781 | Bailey   | Entered a bailey
  9842 | Bailey   | Reached XP level 10. HP: 48/88 MP: 17/17
 10022 | Bailey   | Reached skill level 10 in Invocations
 10467 | Bailey   | Noticed Prince Ribbit
 10483 | Bailey   | Killed Prince Ribbit
 10510 | Bailey   | Noticed a vault guard
 10524 | Bailey   | Killed a vault guard
 10882 | Bailey   | Noticed a vault guard
 10895 | Bailey   | Killed a vault guard
 11140 | D:7      | Reached skill level 5 in Poison Magic
 11170 | D:7      | Found a stormy altar of Qazlal.
 11413 | D:7      | Found a white marble altar of Elyvilon.
 12268 | D:8      | Found a blossoming altar of Fedhas.
 12360 | D:8      | Found a hazy altar of Hepliaklqana.
 12379 | D:8      | Found a sand-covered staircase.
 12389 | Ossuary  | Entered an ossuary
 12717 | Ossuary  | Reached XP level 11. HP: 74/97 MP: 18/18
 12863 | D:8      | Found the +15 Maxwell's patent armour {-Cast -Tele rElec
                  | Will+ rCorr}
 13477 | D:8      | Noticed a two-headed ogre
 13569 | D:8      | Killed a two-headed ogre
 14018 | D:9      | Found a shimmering blue altar of Sif Muna.
 14873 | D:10     | Entered Level 10 of the Dungeon
 14991 | D:10     | Learned a level 4 spell: Airstrike
 15186 | D:10     | Found a staircase to the Orcish Mines.
 15301 | D:10     | Noticed a two-headed ogre
 15319 | D:10     | Killed a two-headed ogre
 15348 | D:10     | HP: 3/99 [troll (8)]
 16354 | D:4      | Became a worshipper of Cheibriados the Contemplative
 16482 | Orc:1    | Entered Level 1 of the Orcish Mines
 17038 | D:9      | Reached skill level 5 in Air Magic
 17123 | D:9      | Found a staircase to the Lair.
 17255 | Lair:1   | Entered Level 1 of the Lair of Beasts
 17432 | Lair:1   | Reached * piety under Cheibriados
 18669 | Lair:1   | Reached XP level 12. HP: 93/109 MP: 3/19
 19415 | Lair:1   | Reached ** piety under Cheibriados
 19530 | Lair:1   | Reached skill level 5 in Spellcasting
 19617 | Lair:1   | Found the +8 whip "Snakebite" {venom, curare, rPois}
 19836 | Lair:2   | Noticed a five-headed hydra
 19856 | Lair:2   | Killed a four-headed hydra
 20792 | Lair:2   | Noticed Sonja
 20842 | Lair:2   | Killed Sonja
 21066 | Lair:3   | Found an opulent altar of Gozag.
 21624 | Lair:3   | Found a staircase to the Shoals.
 21793 | Lair:3   | Identified the +7 morningstar "Zingiask" {vorpal, Fly rPois
                  | Int-5 Dex+7}
 22192 | Lair:4   | Reached *** piety under Cheibriados
 23155 | Lair:4   | Gained mutation: You can use your snake-like lower body to
                  | constrict enemies. [Naga growth]
 23155 | Lair:4   | Reached XP level 13. HP: 120/120 MP: 9/22
 23229 | Lair:4   | Found a staircase to the Snake Pit.
 23663 | Lair:5   | Reached skill level 10 in Poison Magic
 24055 | Lair:5   | Reached **** piety under Cheibriados
 24179 | Lair:5   | Noticed Snorg
 24196 | Lair:5   | Killed Snorg
 25754 | Lair:5   | Found a staircase to the Slime Pits.
 26318 | Lair:6   | Entered Level 6 of the Lair of Beasts
 26676 | Lair:5   | Slain by a five-headed hydra

Illustrated notes

Levels and vault maps discovered:
D:1:      nicolae_arrival_washed_ashore, layout_basic, serial_shops,
          nicolae_shop_stone, hex_intersection, palyth_stone_intersect
D:2:      layout_basic
D:3:      layout_loops_ring, lemuel_doored_altar,
          hellmonk_ecumenical_altar_arch_garden, uniq_terence
D:4:      layout_basic, doesnt_xom_only_xom, general_overflow_altar,
          nicolae_ru_path_of_blood, gammafunk_ghost_stat_death,
          portal_sewer_entry_f, hex_tiny, grunt_ministairs_7,
          nicolae_elemental_shop
D:5:      layout_layer_cave, lemuel_crystal_altar, kennysheep_mini,
          minmay_temple_entry_enclosed_plants, corexii_hall_statues_s,
          minmay_misc_feat_roman
D:6:      layout_rooms, nicolae_shop_dragon_depot, uniq_duvessa, uniq_edmund,
          uniq_blork_the_orc
D:7:      layout_layer_cave, lemuel_crystal_altar, mainiacjoe_overflow_24_doors,
          trog_book, elyvilon_altar_5, enter_bailey_3
D:8:      layout_gridville, kennysheep_little_box,
          nicolae_hepliaklqana_monster_ancestors, enter_ossuary_1,
          roderic_lattice_a, dreamdust_deal_with_the_devil,
          wad_floor_pattern_untrapped
D:9:      layout_basic, old_standard_altar, due_lair_maze_entry_diamond
D:10:     layout_irregular_city, orc_0_dummy
D:11:     layout_grid_maze, nicolae_hexahallways, uniq_gastronok, uniq_lodul
Temple:   dpeg_three_leaves_temple
Lair:1:   minmay_guarded_unrand_snakebite, layout_gridlike, grunt_megastairs_3,
          infiniplex_staircase_pool_2
Lair:2:   layout_concentric_octagons, uniq_sonja
Lair:3:   layout_roguey, elwin_shoals_entry_stream, basic_altar,
          infiniplex_staircase_pool
Lair:4:   layout_loops_ring, minmay_snake_entry_six_corridors
Lair:5:   layout_regular_city, slime_entry_1, gammafunk_lair_bear_cave,
          uniq_snorg
Lair:6:   minmay_lair_end_frog_pond, layout_cave_pods
Orc:1:    layout_caves, basic_altar, nicolae_orc_flooded_monolith,
          nicolae_shop_gadgets, uniq_fannar

Skill      XL: |  1  2  3  4  5  6  7  8  9 10 11 12 13 |
---------------+----------------------------------------+-----
Dodging        | 1 2 3 |  3.1
Stealth        | 6 7 8 |  8.4
Throwing       | 2 3 4 |  4.1
Fighting       | 3 4 5 7 8 9 |  9.7
Poison Magic   | 1 2 3 5 7 9 10 | 10.9
Air Magic      | 1 2 3 5 7 8 |  8.5
Spellcasting   | 1 2 4 6 7 |  7.3
Conjurations   | 1 2 3 4 |  4.6
Armour         | 7 8 |  8.5
Invocations    | 9 10 | 10.1
Short Blades   | |  2.0

Action                   |  1- 3 |  4- 6 |  7- 9 | 10-12 | 13-15 || total
-------------------------+-------+-------+-------+-------+-------++-------
Melee: Dagger            |    67 |   179 |   261 |   632 |     3 ||  1142
       Punch             |       |     2 |     3 |    10 |     6 ||    21
       Whip              |       |       |       |   136 |   125 ||   261
       War axe           |       |       |       |     3 |    14 ||    17
       Constrict         |       |       |       |       |    33 ||    33
Throw: Dart              |     2 |    16 |    22 |    44 |     4 ||    88
       Javelin           |       |       |     5 |    13 |       ||    18
       Boomerang         |       |       |       |     3 |       ||     3
 Cast: Mephitic Cloud    |       |       |       |    33 |    19 ||    52
       Airstrike         |       |       |       |    59 |    36 ||    95
Invok: Slouch            |       |       |       |       |     2 ||     2
       Temporal Distorti |       |       |       |       |     2 ||     2
 Abil: Spit Poison       |    33 |    21 |    36 |    37 |     3 ||   130
Evoke: Wand              |       |       |     3 |    17 |       ||    20
  Use: Potion            |       |     2 |     7 |     6 |       ||    15
       Scroll            |       |       |    17 |     8 |     2 ||    27
 Stab: Sleeping          |     1 |     8 |     7 |    19 |     1 ||    36
       Distracted        |       |       |     1 |     1 |     1 ||     3
       Invisible         |       |       |     1 |       |       ||     1
       Confused          |       |       |       |    18 |    17 ||    35
Armor: Robe              |    12 |    50 |    12 |       |       ||    74
       Skin              |       |    42 |       |       |       ||    42
       Ring mail         |       |       |    81 |       |       ||    81
       Acid dragon scale |       |       |    39 |   443 |   112 ||   594
Dodge: Dodged            |    22 |    86 |   164 |   458 |   144 ||   874
Block: Other             |       |       |       |       |    12 ||    12

Table legend: (Time is in decaauts)
 A = Elapsed time spent in this place.
 B = Non-inter-level travel time spent in this place.
 C = Inter-level travel time spent in this place.
 D = Time resting spent in this place.
 E = Time spent auto-exploring this place.
 F = Levels seen in this place.
 G = Mean time per level.
                   A        B        C        D        E       F      G
               +--------+--------+--------+--------+--------+-----+--------+
         Total |  35404 |  32796 |   2608 |   7863 |  16884 |  22 | 1609.3 |
       Dungeon |  18767 |  17317 |   1450 |   2792 |  10269 |  11 | 1706.1 |
        Temple |    116 |    116 |      0 |      0 |     81 |   1 |  116.0 |
          Lair |  13674 |  12516 |   1158 |   3613 |   6513 |   6 | 2279.0 |
  Orcish Mines |     14 |     14 |      0 |      0 |      0 |   1 |   14.0 |
         Sewer |   1091 |   1091 |      0 |    568 |      0 |   1 | 1091.0 |
       Ossuary |    439 |    439 |      0 |     10 |      1 |   1 |  439.0 |
        Bailey |   1300 |   1300 |      0 |    878 |     19 |   1 | 1300.0 |
               +--------+--------+--------+--------+--------+-----+--------+

Top non-repeatable levels by time:
  Lair:4: 3295 daAuts
  Lair:1: 3254 daAuts
  Lair:5: 3088 daAuts
     D:9: 2498 daAuts
     D:5: 2253 daAuts
     D:7: 2096 daAuts
  Lair:3: 2096 daAuts
     D:8: 2059 daAuts
     D:4: 2018 daAuts
  Lair:2: 1871 daAuts
     D:6: 1727 daAuts
     D:3: 1580 daAuts
    D:10: 1553 daAuts
     D:2: 1423 daAuts
     D:1: 1365 daAuts
